Map: Nightshade LE

Players

Mikasa

  • Race: Terran Terran
  • League: Master
  • Spawn Location: 5:00

BerryRAWR - Winner!

  • Race: Terran Terran
  • League: Grandmaster
  • Spawn Location: 11:00

VOD

Have the link to the VOD?

Description

Time

  • Played on: Feb. 6, 2020, 5:24 a.m.
  • Length: 28:33
Show
View Real Time Build Order
Export as new Build Order

Mikasa Terran 

Build Orders: Banshee Rush 

Get SALT Encoding   

  12  0:01  SCV  
  13  0:13  SCV  
  14  0:17  Supply Depot  
  14  0:25  SCV  
  15  0:30  Refinery  
  15  0:39  SCV  
  16  0:44  Barracks  
  16  0:51  SCV  
  16  0:55  Refinery  
  17  1:03  SCV  
  18  1:15  SCV  
  19  1:32  Reaper  
  20  1:33  Orbital Command  
  20  1:35  Factory  
  20  1:45  Supply Depot  
  20  1:59  SCV  
  21  2:04  Reaper  
  22  2:13  SCV  
  23  2:19  Hellion  
  25  2:25  SCV  
  26  2:30  Command Center  
  26  2:35  Supply Depot  
  26  2:36  Reaper  
  27  2:38  SCV  
  30  2:44  Hellion  
  30  2:53  SCV  
  30  2:55  Starport  
  31  3:05  SCV  
  32  3:06  Factory Tech Lab  
  32  3:09  Barracks Tech Lab  
  32  3:17  SCV  
  33  3:26  Refinery  
  32  3:35  Cyclone  
  32  3:37  SCV  
  36  3:44  Orbital Command  
  36  3:45  Cloaking Field, Banshee  
  37  3:50  SCV  
  39  4:02  SCV  
  39  4:03  Barracks Reactor  
  39  4:14  SCV  
  39  4:15  SCV, Siege Tank  
  43  4:21  Supply Depot  
  43  4:26  SCV  
  43  4:27  SCV  
  43  4:30  Banshee  
  48  4:38  SCV  
  49  4:43  SCV  
  49  4:44  Command Center, Marine  
  51  4:46  Marine  
  51  4:51  SCV  
  53  4:54  Siege Tank  
  53  4:57  SCV  
  57  5:03  SCV  
  57  5:05  Marine x2  
  60  5:09  SCV  
  59  5:17  SCV  
  53  5:31  SCV x2  
  53  5:32  Barracks  
  53  5:34  Barracks  
  55  5:36  Starport Reactor  
  55  5:39  Marine  
  55  5:41  Stimpack  
  56  5:43  SCV x2  
  58  5:52  Supply Depot  
  58  5:53  Siege Tank  
  58  5:55  SCV  
  58  5:56  SCV  
  63  5:57  Orbital Command, Marine  
  64  6:07  SCV  
  64  6:08  SCV  
  66  6:15  Marine  
  67  6:19  SCV  
  67  6:20  SCV, Engineering Bay  
  67  6:21  Orbital Command, Engineering Bay, Refinery  
  67  6:22  Marine x2  
  72  6:26  Starport Reactor  
  72  6:27  Supply Depot  
  72  6:28  Marine x2  
  72  6:31  SCV  
  74  6:33  Marine  
  74  6:36  SCV  
  76  6:40  Marine x2  
  76  6:41  Supply Depot  
  76  6:44  SCV  
  76  6:45  Orbital Command, Marine x2  
  78  6:47  SCV  
  78  6:49  Terran Infantry Weapons Level 1  
  78  6:50  SCV, Marine, Terran Infantry Armor Level 1  
  81  6:56  SCV  
  81  6:58  Marine x2, Siege Tank  
  81  6:59  Missile Turret  
  88  7:02  SCV  
  88  7:05  Missile Turret  
  88  7:08  SCV, Medivac x2, Marine x2  
  94  7:12  Marine  
  94  7:14  SCV  
  94  7:15  SCV  
  98  7:18  Supply Depot x2, Marine  
  98  7:19  Marine  
  98  7:20  SCV  
  101  7:35  Combat Shield  
  101  7:36  Barracks x2  
  101  7:39  SCV x3, Marine x2  
  101  7:41  Marine x2  
  101  7:42  Marine  
  106  7:51  SCV x3  
  106  7:57  Marine x2  
  79  8:01  Marine  
  79  8:03  SCV, Marine  
  75  8:06  Marine  
  75  8:07  SCV  
  75  8:08  SCV  
  75  8:09  Siege Tank  
  75  8:11  Viking  
  83  8:15  SCV, Marine x2  
  83  8:19  Marine  
  88  8:20  SCV  
  88  8:25  Marine x3  
  81  8:28  Marine  
  81  8:29  SCV  
  81  8:30  Viking  
  81  8:32  Marine x2  
  81  8:33  SCV  
  88  8:37  Marine  
  89  8:42  Marine  
  89  8:43  Marine x2  
  89  8:46  Viking, Marine  
  89  8:47  Siege Tank  
  98  8:50  Marine x2  
  98  8:55  Marine  
  101  9:00  Marine x2  
  101  9:01  Viking, Marine  
  106  9:04  Marine  
  106  9:08  Marine x2  
  109  9:13  Marine  
  107  9:17  SCV  
  107  9:18  Marine  
  107  9:22  Marine  
  101  9:26  Marine x2  
  101  9:27  Siege Tank  
  101  9:30  Marine  
  104  9:34  Armory, Barracks Reactor  
  104  9:35  Barracks Reactor, Medivac x2  
  104  9:36  Marine  
  105  9:44  Marine x2  
  105  9:45  SCV, Supply Depot x2, Command Center  
  109  9:47  SCV x2  
  110  9:56  Marine x3  
  110  9:57  SCV  
  110  9:59  SCV x2  
  116  10:06  Siege Tank  
  119  10:08  Marine  
  119  10:09  SCV  
  119  10:11  SCV x2  
  119  10:12  Marine  
  119  10:13  Marine x2  
  125  10:14  Marine x3  
  125  10:15  Marine  
  125  10:17  Liberator  
  132  10:21  SCV  
  132  10:23  Terran Infantry Weapons Level 2  
  132  10:26  Terran Infantry Armor Level 2  
  133  10:34  Supply Depot x2  
  133  10:38  SCV, Marine x2  
  118  10:43  Marine  
  118  10:46  Marine  
  118  10:48  Marine  
  118  10:49  Marine x3, Siege Tank  
  112  10:53  Refinery  
  112  10:54  Refinery  
  112  10:56  Marine x2  
  111  11:01  Marine  
  111  11:03  Medivac x2, Factory  
  113  11:04  Marine  
  113  11:06  SCV, Barracks Reactor, Marine x4  
  113  11:09  SCV x2  
  121  11:13  Marine  
  121  11:17  Marine  
  123  11:18  Marine  
  123  11:21  Sensor Tower  
  123  11:22  Marine  
  123  11:24  Marine x4  
  123  11:25  Planetary Fortress  
  129  11:27  SCV x2  
  129  11:28  SCV  
  129  11:31  Marine  
  133  11:34  Marine  
  133  11:36  Marine  
  133  11:37  Siege Tank  
  133  11:39  SCV  
  140  11:40  SCV  
  140  11:43  SCV  
  140  11:46  Marine  
  142  11:48  Marine  
  142  11:50  Marine x3  
  142  11:51  SCV  
  142  11:52  Siege Tank  
  150  11:57  SCV  
  150  12:00  Marine x3  
  151  12:02  Marine x2  
  151  12:04  Marine  
  151  12:05  Medivac x2  
  159  12:08  SCV x2, Refinery x2  
  159  12:09  Siege Tank  
  159  12:11  SCV  
  164  12:22  Supply Depot  
  164  12:23  Supply Depot x3  
  164  12:24  Supply Depot x2  
  164  12:27  Marine  
  164  12:37  Marine  
  164  12:38  Marine x4  
  164  12:39  Marine x2  
  164  12:40  Siege Tank  
  164  12:41  Siege Tank  
  147  12:46  Marine  
  147  12:47  Marine x2  
  138  12:55  Marine x2  
  138  12:56  Marine x3  
  138  12:57  Marine  
  149  12:59  Barracks x2  
  149  13:00  Terran Infantry Weapons Level 3  
  149  13:01  Barracks  
  148  13:09  Marine  
  148  13:10  Marine x2  
  148  13:12  Siege Tank  
  140  13:13  Siege Tank  
  140  13:14  Marine  
  140  13:15  Marine x2  
  140  13:16  Marine  
  140  13:17  Marine  
  140  13:19  Marine  
  146  13:20  Marine  
  146  13:22  Viking x2  
  146  13:26  Marine  
  149  13:28  Marine x2  
  149  13:32  Marine  
  149  13:33  Marine x3  
  155  13:35  Marine  
  155  13:37  Marine x2  
  154  13:44  Marine  
  154  13:46  Marine x2  
  157  13:50  Barracks Reactor, Marine  
  157  13:51  Marine x2  
  157  13:52  Barracks Reactor x2, Marine  
  157  13:53  Marine  
  157  13:54  Terran Infantry Armor Level 3  
  162  13:58  Command Center  
  162  13:59  Fusion Core, Starport  
  162  14:01  Marine x2  
  162  14:02  Marine  
  165  14:04  Marine  
  165  14:05  Marine  
  165  14:07  Viking x2, Marine  
  165  14:08  Marine, Siege Tank  
  176  14:19  Marine  
  176  14:21  Marine x2  
  176  14:23  Marine x2  
  179  14:25  Marine x2  
  179  14:26  Marine  
  179  14:30  Marine  
  181  14:32  Marine  
  181  14:37  Viking x2  
  159  14:42  Marine x2  
  159  14:43  Marine x4  
  159  14:44  Marine x2  
  159  14:45  Marine  
  144  14:46  Marine x2  
  144  14:47  Marine x2  
  144  14:48  Siege Tank  
  144  14:49  Siege Tank  
  144  14:51  Marine  
  150  14:53  Marine x2  
  150  14:59  Marine  
  152  15:04  Starport Reactor  
  151  15:12  Marine  
  125  15:14  Liberator  
  125  15:15  Liberator  
  125  15:16  Marine x10  
  125  15:18  Marine  
  144  15:23  Marine x3  
  144  15:26  Advanced Ballistics  
  145  15:30  Marine x2  
  145  15:33  Marine  
  145  15:34  Marine  
  145  15:35  Marine x2  
  151  15:41  Siege Tank  
  151  15:42  Sensor Tower  
  154  15:43  Siege Tank  
  154  15:47  Marine x3  
  160  15:51  Planetary Fortress  
  159  15:59  Viking, Liberator  
  159  16:00  Marine x3  
  167  16:08  Marine x2  
  167  16:09  Marine  
  167  16:11  Marine x2  
  171  16:14  Marine x2  
  170  16:20  Marine  
  162  16:27  Marine x3  
  162  16:30  SCV x3  
  162  16:32  Liberator x3  
  167  16:34  Marine x2  
  167  16:35  Marine  
  167  16:36  SCV x2  
  178  16:42  SCV x2  
  178  16:45  Missile Turret, Liberator  
  183  16:52  Marine x4  
  183  16:54  Marine x4  
  182  16:55  Marine x3  
  182  16:57  Marine  
  182  17:00  Marine x2  
  190  17:02  Marine x2  
  191  17:10  Marine x2  
  191  17:14  Marine x4  
  191  17:15  Marine x2  
  196  17:24  Marine x2  
  198  17:33  Marine  
  198  17:36  Command Center, Marine  
  200  17:41  Command Center  
  197  17:48  Marine  
  197  17:49  Marine  
  197  17:50  Marine  
  198  17:52  Marine  
  198  17:53  Marine  
  188  17:58  Marine  
  188  17:59  Marine, Liberator x3  
  188  18:04  Marine  
  198  18:26  Marine  
  197  18:35  Viking, Starport x2  
  197  18:37  Marine  
  196  18:41  Marine x3  
  196  18:42  Marine  
  196  18:45  Refinery  
  196  18:46  Refinery  
  196  18:48  Command Center  
  200  18:52  Orbital Command  
  200  18:54  Orbital Command  
  181  19:17  Marine x3  
  181  19:21  Marine x2  
  181  19:22  Marine x3  
  180  19:36  Marine x7  
  180  19:37  Marine x4  
  133  19:39  Marine x4  
  133  19:40  Marine  
  133  19:45  Viking x2  
  139  19:52  Liberator x2  
  140  19:54  Marine x11  
  140  19:55  Starport Reactor x2  
  140  19:57  Marine x3  
  154  20:03  Siege Tank  
  154  20:04  Marine x2, Siege Tank  
  162  20:07  Orbital Command  
  162  20:12  Marine x4  
  166  20:15  Liberator x2  
  166  20:18  Orbital Command  
  147  20:22  Marine  
  147  20:23  Marine x3  
  147  20:24  Marine x2  
  147  20:25  Marine  
  147  20:27  Marine x2  
  147  20:28  Marine x2  
  150  20:29  Marine  
  150  20:30  Marine x4  
  150  20:34  Liberator x2  
  161  20:36  Refinery  
  161  20:39  Refinery  
  161  20:40  Marine  
  161  20:41  Marine x3  
  161  20:42  Marine x3  
  166  20:44  Liberator x2  
  166  20:46  Liberator x2  
  166  20:48  Marine x4  
  166  20:49  Marine  
  184  20:50  Marine x2  
  184  20:51  Marine x2  
  189  20:57  Marine  
  189  20:58  Viking x2, Marine  
  189  20:59  Marine  
  196  21:04  Marine x2  
  196  21:05  Marine  
  196  21:06  Marine  
  200  21:17  Viking, Liberator  
  167  21:22  Marine  
  167  21:23  Marine  
  167  21:24  Marine x2  
  167  21:25  Marine x2  
  143  21:27  Marine x4  
  143  21:28  Liberator x2  
  143  21:29  Marine x3  
  143  21:31  Marine  
  143  21:32  Marine  
  155  21:36  Marine  
  143  21:40  Marine x2, Liberator  
  143  21:42  Marine  
  143  21:48  Marine  
  143  21:49  Marine x2  
  143  21:53  Marine x2  
  148  21:57  Marine  
  148  21:58  Marine x3  
  148  21:59  Marine x6  
  148  22:00  Viking x2, Marine  
  165  22:06  Marine  
  165  22:07  Marine x2  
  166  22:10  Marine  
  166  22:11  Marine  
  164  22:15  Marine x2  
  164  22:16  Marine x8  
  164  22:18  Marine  
  168  22:23  Marine  
  168  22:25  Marine x2, Siege Tank  
  168  22:28  Marine x2  
  176  22:33  Marine x2  
  176  22:34  Orbital Command, Marine x6  
  176  22:35  Marine  
  185  22:37  Liberator x4  
  185  22:41  Marine x3  
  200  23:13  Refinery  
  200  23:15  Refinery  
  187  23:22  Marine  
  184  23:29  Marine x14  
  195  23:36  Marine  
  195  23:40  Marine  
  148  23:46  Marine  
  148  23:47  Marine x11  
  148  23:48  Siege Tank x2  
  157  23:49  Marine  
  157  23:50  Marine  
  157  23:54  Marine  
  154  23:58  Marine  
  152  24:04  Marine x5  
  152  24:05  Marine x7  
  152  24:08  Marine  
  165  24:11  Marine  
  165  24:15  Marine  
  165  24:16  Marine  
  164  24:20  Siege Tank x2  
  164  24:22  Marine, Liberator  
  164  24:23  Marine  
  181  24:26  Marine x2  
  181  24:27  Marine x7  
  181  24:28  Marine  
  185  24:33  SCV x2  
  185  24:34  SCV x2  
  185  24:35  SCV  
  190  24:39  Marine x2  
  190  24:40  Marine  
  190  24:41  Marine  
  190  24:44  Marine  
  190  24:45  Marine x3  
  196  24:46  Marine  
  196  24:47  Marine  
  180  25:04  Marine  
  180  25:06  Marine  
  157  25:08  Marine x3  
  157  25:09  Marine x2, Siege Tank  
  157  25:10  Liberator x3, Siege Tank  
  157  25:11  Liberator x2  
  157  25:12  Liberator x3  
  186  25:14  Marine x2  
  186  25:16  Marine  
  186  25:18  Marine x3  
  186  25:19  Marine x3  
  195  25:27  Marine  
  196  25:31  Marine  
  196  25:32  Marine x2  
  198  25:37  Marine  
  198  25:38  Marine x2  
  198  25:40  Marine x2  
  198  25:42  Marine  
  198  25:43  Marine  
  198  25:46  Marine  
  197  25:53  Liberator x3  
  182  25:57  Marine  
  182  25:58  Marine x7  
  182  26:00  Marine x4  
  182  26:01  Marine x2  
  190  26:05  Marine  
  162  26:21  Marine  
  162  26:22  Orbital Command, Marine x2  
  164  26:27  Marine  
  161  26:32  Marine  
  161  26:37  Marine  
  163  26:43  Marine  
  158  26:51  Marine x2  
  157  26:56  Orbital Command  
  157  26:59  Marine x2  
  156  27:06  Marine x3  
  156  27:07  Marine  
  157  27:20  Liberator x2  
  160  27:24  Marine  
  152  27:35  Liberator x2  
  152  27:37  Marine x3  
  155  27:45  Marine  
  155  27:46  Marine x2  
  155  27:48  Marine  
  155  27:49  Marine  
  155  27:50  Marine x2  
  156  27:51  Marine  
  156  27:52  Marine  
  156  27:56  Marine x2  
  141  27:59  Marine  
  116  28:07  Marine  
  116  28:09  Marine x2  
  116  28:12  Marine  
Show
View Real Time Build Order
Export as new Build Order

BerryRAWR Terran - Winner!

Build Orders: Cyclone Opening 

Get SALT Encoding   

  12  0:00  SCV  
  13  0:13  SCV  
  14  0:17  Supply Depot  
  14  0:25  SCV  
  15  0:39  SCV  
  15  0:40  Barracks  
  16  0:45  Refinery  
  16  0:48  Refinery  
  16  0:52  SCV  
  17  1:04  SCV  
  18  1:16  SCV  
  19  1:30  Orbital Command  
  19  1:34  Factory  
  19  1:39  Barracks Tech Lab  
  19  1:42  Supply Depot  
  19  1:59  SCV  
  20  2:11  SCV  
  21  2:21  Supply Depot  
  21  2:23  SCV, Cyclone  
  21  2:25  Mag-Field Accelerator  
  25  2:35  SCV  
  26  2:47  SCV  
  27  2:55  Barracks Reactor, Cyclone  
  30  3:01  Command Center  
  30  3:03  SCV  
  31  3:09  Supply Depot  
  31  3:16  SCV  
  32  3:28  Cyclone  
  32  3:33  SCV  
  33  3:34  Starport  
  33  3:35  Marine  
  33  3:37  Marine  
  35  3:45  SCV  
  35  3:57  SCV  
  36  4:05  Refinery  
  36  4:06  Barracks Tech Lab  
  36  4:09  SCV  
  37  4:14  Siege Tank  
  40  4:19  Orbital Command  
  40  4:21  SCV  
  40  4:23  Viking  
  43  4:30  Viking  
  45  4:37  SCV  
  46  4:41  Supply Depot, Marine  
  46  4:44  SCV  
  48  4:47  Stimpack  
  48  4:51  Supply Depot  
  48  4:53  SCV  
  48  4:59  Siege Tank  
  52  5:01  Marine  
  50  5:07  SCV  
  50  5:08  SCV  
  50  5:12  Viking  
  51  5:20  SCV  
  51  5:21  Marine  
  52  5:25  SCV  
  52  5:26  Engineering Bay  
  50  5:32  Viking, SCV  
  53  5:37  SCV  
  53  5:38  Marine  
  55  5:44  SCV  
  55  5:48  Viking  
  55  5:49  SCV  
  59  5:52  Missile Turret  
  59  5:56  Missile Turret  
  59  5:57  SCV  
  59  6:01  SCV  
  59  6:02  Viking  
  63  6:09  SCV  
  64  6:13  SCV  
  63  6:20  Viking  
  63  6:21  SCV  
  66  6:27  Siege Tank  
  69  6:32  Viking  
  69  6:37  Supply Depot  
  69  6:38  SCV  
  72  6:41  Combat Shield  
  72  6:42  Marine  
  72  6:43  SCV  
  74  6:47  Refinery  
  74  6:53  Command Center  
  74  6:56  Viking  
  74  6:59  SCV x2  
  74  7:01  Marine  
  79  7:05  Siege Tank  
  82  7:11  SCV  
  82  7:12  Terran Infantry Weapons Level 1  
  83  7:17  SCV  
  83  7:21  Engineering Bay  
  84  7:23  SCV  
  84  7:24  Supply Depot  
  85  7:45  Marine, Liberator x2  
  85  7:48  Barracks  
  85  7:49  Barracks  
  71  8:11  Siege Tank  
  71  8:12  Marine  
  73  8:13  Orbital Command  
  73  8:19  Barracks  
  73  8:20  Barracks  
  73  8:26  SCV  
  74  8:27  Terran Infantry Armor Level 1  
  74  8:28  Viking, Armory  
  74  8:30  Supply Depot  
  74  8:33  Viking  
  75  8:34  Marine  
  75  8:37  Barracks Reactor  
  75  8:40  SCV x2  
  78  8:42  Marine  
  79  8:53  Supply Depot  
  78  9:06  Siege Tank  
  78  9:07  Medivac x2  
  78  9:09  Barracks Reactor, Orbital Command  
  86  9:15  Marine x2  
  86  9:17  Marine  
  86  9:19  Barracks Reactor  
  86  9:20  Barracks Reactor  
  86  9:23  Supply Depot  
  85  9:24  Supply Depot  
  85  9:30  SCV  
  75  9:33  Marine x2  
  75  9:34  Terran Vehicle Weapons Level 1, Marine  
  77  9:40  Terran Infantry Weapons Level 2  
  75  9:48  SCV x2  
  75  9:49  SCV  
  75  9:50  Marine  
  75  9:51  Marine  
  75  9:52  Marine x3  
  82  9:55  Marine x3  
  82  9:56  Marine  
  90  10:00  Siege Tank  
  90  10:03  SCV x2  
  90  10:04  SCV  
  93  10:08  Marine x2  
  93  10:11  Marine  
  93  10:12  Marine x2  
  93  10:13  Marine x4  
  102  10:15  SCV x2  
  102  10:20  SCV, Sensor Tower  
  104  10:26  Marine  
  104  10:27  SCV x2  
  107  10:29  Marine  
  107  10:32  Siege Tank  
  84  10:50  Marine x7  
  84  10:51  Medivac x2, Marine x2  
  84  10:53  SCV  
  84  10:54  SCV  
  84  10:55  Refinery  
  99  11:03  Terran Infantry Armor Level 2  
  99  11:04  Siege Tank  
  102  11:08  SCV x2, Marine  
  102  11:09  SCV  
  106  11:11  Refinery  
  106  11:16  Command Center, Marine  
  107  11:22  Marine x2  
  109  11:28  Terran Vehicle Weapons Level 2, Factory, Marine  
  109  11:29  Marine x2  
  109  11:30  Marine x3  
  115  11:34  Marine  
  115  11:36  SCV x3, Siege Tank  
  115  11:39  Supply Depot  
  122  11:40  Marine  
  122  11:42  Marine  
  122  11:46  Marine x2  
  126  11:47  Medivac x2  
  126  11:48  SCV  
  126  11:50  Sensor Tower  
  131  11:59  Marine x2  
  131  12:00  Marine  
  131  12:01  Marine  
  133  12:02  Marine x2  
  133  12:08  Terran Infantry Weapons Level 3  
  135  12:10  Marine x3  
  135  12:13  Factory Tech Lab, Siege Tank  
  141  12:16  Marine  
  141  12:19  Marine  
  141  12:21  Marine  
  144  12:23  Marine x2  
  144  12:26  Marine  
  144  12:28  Marine x2  
  126  12:47  Marine x2  
  126  12:48  Marine x2, Siege Tank  
  126  12:49  Marine x4  
  117  12:52  Siege Tank  
  117  12:55  Marine  
  116  13:04  Marine x2  
  118  13:06  Marine x3  
  118  13:07  Marine x2  
  118  13:09  Marine  
  118  13:12  Marine  
  115  13:17  Planetary Fortress  
  116  13:20  Siege Tank  
  116  13:22  Marine x2  
  116  13:23  Marine  
  116  13:24  Marine x4  
  116  13:26  Missile Turret  
  116  13:27  Missile Turret, Marine  
  126  13:29  Siege Tank  
  126  13:30  Marine  
  130  13:35  Missile Turret  
  130  13:39  Viking  
  130  13:40  Viking, Marine x2  
  126  13:41  Marine  
  126  13:42  Marine x3  
  126  13:43  Marine  
  126  13:45  Sensor Tower  
  131  13:52  Siege Tank  
  133  13:58  Marine x2  
  133  13:59  Marine x3  
  133  14:00  Marine  
  133  14:02  Marine x3  
  142  14:09  Liberator x2  
  148  14:10  Siege Tank  
  148  14:14  Terran Infantry Armor Level 3  
  148  14:16  Marine x2  
  153  14:17  Marine  
  152  14:25  Siege Tank  
  152  14:26  Marine x3  
  152  14:27  Marine x3  
  161  14:34  Marine  
  135  14:47  Marine x3  
  135  14:49  Marine  
  135  14:52  Medivac x2  
  141  14:53  Command Center, Marine x5  
  146  15:00  Supply Depot  
  146  15:02  Supply Depot  
  115  15:15  Marine  
  115  15:16  Marine x6  
  115  15:17  Marine  
  115  15:21  Marine  
  124  15:22  Medivac x2  
  124  15:26  Siege Tank  
  131  15:33  Marine x2  
  131  15:34  Marine x5  
  131  15:35  Marine  
  138  15:42  Siege Tank  
  142  15:43  Refinery  
  142  15:44  Refinery  
  142  15:45  Marine  
  143  15:51  Marine x2  
  143  15:52  Terran Vehicle Weapons Level 3, Medivac  
  143  15:55  Marine x2  
  143  15:56  Neosteel Armor  
  149  15:58  Siege Tank  
  149  16:02  Marine x2  
  154  16:04  Marine  
  154  16:05  Marine  
  156  16:11  Marine  
  156  16:12  Marine  
  156  16:14  Siege Tank  
  146  16:30  Siege Tank  
  146  16:31  Marine x8  
  146  16:32  Marine  
  153  16:42  Medivac  
  153  16:46  Siege Tank  
  155  16:49  Marine x9  
  150  17:02  Siege Tank  
  150  17:06  Marine x2  
  150  17:07  Marine x7  
  159  17:14  Medivac  
  159  17:15  Medivac  
  157  17:24  Marine x4  
  157  17:25  Marine x5  
  157  17:26  Planetary Fortress  
  157  17:27  Missile Turret  
  157  17:29  Siege Tank  
  167  17:42  Marine x6  
  167  17:43  Marine x3  
  170  17:44  Medivac  
  170  17:45  Medivac  
  172  17:58  Siege Tank  
  162  18:00  Marine x7  
  162  18:01  Marine x2  
  168  18:06  Siege Tank  
  166  18:14  Medivac x2  
  166  18:18  Marine x8  
  166  18:19  Marine  
  174  18:29  Terran Vehicle And Ship Armor Level 1  
  161  18:35  Marine x2  
  161  18:36  Marine x7  
  162  18:44  Viking  
  162  18:46  Thor  
  164  18:50  Thor  
  164  18:53  Marine x3  
  164  18:54  Marine x6  
  164  18:55  Viking  
  168  19:11  Marine x4  
  168  19:13  Marine x3  
  168  19:14  Marine x2  
  170  19:29  Marine x3, Siege Tank  
  162  19:32  Marine  
  162  19:33  Marine  
  136  19:38  Marine x3  
  136  19:39  Marine, Thor  
  141  19:47  Marine x2  
  140  19:53  Marine x2  
  140  19:54  Refinery x2, Marine  
  140  19:56  Marine x4  
  140  19:57  Medivac  
  149  20:01  Thor  
  149  20:04  Marine x2  
  157  20:11  Marine x2  
  157  20:12  Marine  
  158  20:14  Marine x2  
  158  20:16  Marine  
  158  20:17  Marine  
  143  20:22  Marine x2  
  143  20:23  Siege Tank  
  146  20:28  Marine  
  146  20:29  Marine x2  
  146  20:32  Marine x2  
  146  20:33  Marine  
  146  20:34  Marine  
  153  20:40  Marine x2  
  155  20:44  Siege Tank  
  155  20:46  Marine x2  
  155  20:47  Marine  
  155  20:49  Marine  
  161  20:50  Marine  
  161  20:51  Marine  
  161  20:52  Marine  
  165  20:58  Marine x2  
  167  21:04  Marine x2  
  167  21:05  Marine  
  167  21:07  Marine x2  
  167  21:09  Marine  
  167  21:10  Marine  
  174  21:16  Marine x2  
  158  21:22  Marine x2  
  158  21:23  Marine  
  158  21:25  Marine x2  
  131  21:27  Marine  
  131  21:28  Marine, Siege Tank  
  133  21:34  Marine x2  
  119  21:40  Marine x2  
  119  21:41  Marine  
  119  21:43  Marine x2  
  119  21:45  Marine  
  119  21:46  Marine  
  101  21:48  Medivac  
  101  21:49  Medivac  
  101  21:51  Marine x2  
  107  21:58  SCV, Marine x2  
  107  21:59  Marine  
  107  22:01  Marine  
  109  22:02  Marine x2  
  109  22:04  Marine  
  109  22:05  Thor x2  
  124  22:11  Marine  
  125  22:18  Medivac  
  125  22:19  Medivac  
  125  22:20  Marine  
  125  22:21  Marine x4  
  125  22:22  Marine x3  
  133  22:29  Marine  
  134  22:38  Marine  
  134  22:39  Marine x4  
  134  22:43  Terran Vehicle And Ship Armor Level 2  
  139  22:46  Marine  
  139  22:48  Marine x2, Thor  
  139  22:49  Marine  
  149  22:53  Orbital Command  
  149  22:54  Hellbat  
  149  22:56  Marine  
  152  23:00  Marine x2  
  152  23:01  Marine x2  
  152  23:04  Marine  
  157  23:06  Marine  
  146  23:20  Marine, Thor  
  149  23:31  Thor  
  149  23:32  Marine  
  149  23:33  Marine  
  149  23:34  Marine x2  
  98  23:58  Marine x5  
  98  23:59  Marine x4  
  98  24:00  Medivac x2  
  111  24:02  Thor  
  111  24:07  Sensor Tower  
  111  24:09  Missile Turret  
  117  24:10  Missile Turret  
  117  24:14  Siege Tank  
  117  24:16  Marine x4  
  123  24:25  Hi-Sec Auto Tracking  
  123  24:28  Marine  
  123  24:29  Marine x4  
  123  24:30  Medivac x2  
  132  24:34  Marine x2  
  132  24:36  Marine x2  
  136  24:46  Marine x2, Siege Tank x2  
  136  24:47  Marine x3  
  136  24:51  Marine  
  136  24:52  Marine  
  149  24:54  Marine  
  149  24:58  Marine  
  144  25:04  Marine x3  
  144  25:05  Marine x2  
  129  25:09  Marine  
  129  25:10  Marine  
  129  25:12  Marine  
  129  25:13  Medivac  
  132  25:16  Medivac, Marine  
  132  25:18  Siege Tank x2  
  139  25:22  Marine x3  
  139  25:23  Marine x2  
  143  25:32  Marine x3  
  143  25:35  Marine  
  147  25:40  Marine x3  
  147  25:41  Marine x2  
  148  25:50  Siege Tank x2  
  134  26:02  Marine x5  
  134  26:03  Marine x3  
  142  26:09  Marine  
  143  26:13  Refinery  
  143  26:14  Refinery  
  126  26:20  Marine x3  
  126  26:22  Thor  
  126  26:23  Siege Tank  
  126  26:24  Marine  
  124  26:29  Marine  
  124  26:30  Marine x4  
  129  26:38  Marine x3  
  132  26:40  Missile Turret  
  132  26:41  Missile Turret  
  132  26:42  Marine  
  133  26:47  Marine x2  
  133  26:53  Marine x3  
  138  27:01  Marine x4  
  138  27:05  Marine x2  
  144  27:10  Thor  
  144  27:11  Marine x3  
  153  27:19  Marine x3  
  155  27:28  Siege Tank  
  145  27:35  Missile Turret  
  145  27:36  Marine x6  
  145  27:37  Marine x2  
  148  27:51  Marine  
  148  27:53  Marine  
  155  28:03  Marine  
  137  28:05  Marine x2  
  137  28:10  Marine x3  
  137  28:12  Marine  
  131  28:13  Marine  
Tags
 
Add a new tag
Caveats
  • Supply blocks, unpowered buildings, or Contaminate may cause inaccurate times.
  • Supply counts are checked every 10 seconds.